 Dungeon Crawl Stone Soup version 0.28.0-43-g3370ac3207 (webtiles) character file.

Game seed: 8275503899015256174

53 bromine the Cudgeller (level 3, 0/35 HPs)
             Began as a Gnoll Berserker on Feb 28, 2022.
             Was a Believer of Trog.
             Succumbed to an adder's poison
             ... on level 2 of the Dungeon.
             The game lasted 00:02:12 (1992 turns).

bromine the Cudgeller (Gnoll Berserker)             Turns: 1992, Time: 00:02:13

Health: 0/35       AC:  9    Str: 18    XL:     3   Next: 87%
Magic:  4/4        EV:  8    Int:  6    God:    Trog [**....]
Gold:   56         SH:  0    Dex: 11    Spells: 4/4 levels left

rFire   . . .      SeeInvis .   a - +0 mace
rCold   . . .      Faith    .   (no shield)
rNeg    . . .      Spirit   .   e - +0 chain mail
rPois   .          Reflect  .   (no helmet)
rElec   .          Harm     .   (no cloak)
rCorr   +          Rampage  .   (no gloves)
Will    .....                   (no boots)
Stlth   ..........              (no amulet)
HPRegen 0.11/turn               f - ring of resist corrosion
MPRegen 0.09/turn               (no ring)

@: lethally poisoned (0 -> -8), on berserk cooldown
A: fangs 1, strong nose, distributed training
a: Renounce Religion, Berserk, Trog's Hand


You were on level 2 of the Dungeon.
You worshipped Trog.
Trog was pleased with you.
You visited 1 branch of the dungeon, and saw 2 of its levels.

You collected 56 gold pieces.

Inventory:

Hand Weapons
 a - a +0 mace (weapon)
Armour
 b - a +0 animal skin
 e - a +0 chain mail (worn)
Jewellery
 f - a ring of resist corrosion (left hand)
Potions
 c - a potion of heal wounds {unknown}
 d - a potion of curing {unknown}


   Skills:
 + Level 6.5 Fighting
 + Level 1.0 Short Blades
 + Level 1.0 Long Blades
 + Level 1.0 Axes
 + Level 6.5 Maces & Flails
 + Level 1.0 Polearms
 + Level 1.0 Staves
 + Level 1.0 Slings
 + Level 1.0 Bows
 + Level 1.0 Crossbows
 + Level 1.0 Throwing
 + Level 4.6 Armour
 + Level 4.6 Dodging
 + Level 1.0 Stealth
 + Level 1.0 Shields
 + Level 1.0 Unarmed Combat
 + Level 1.0 Spellcasting
 + Level 0.7 Conjurations
 + Level 0.7 Hexes
 + Level 0.7 Summonings
 + Level 0.7 Necromancy
 + Level 0.7 Translocations
 + Level 0.7 Transmutations
 + Level 0.7 Fire Magic
 + Level 0.7 Ice Magic
 + Level 0.7 Air Magic
 + Level 0.7 Earth Magic
 + Level 0.7 Poison Magic
 + Level 1.0 Invocations
 + Level 1.0 Evocations


You had 4 spell levels left.
You didn't know any spells.
Your spell library was empty.

Dungeon Overview and Level Annotations

Branches:
Dungeon (2/15)

Altars:

Shops:
D:1 *


Innate Abilities, Weirdness & Mutations

You have very sharp teeth.
Your uncanny sense of smell can sniff out nearby items.
Your experience applies equally to all skills.


Message History

The adder is almost dead.
You feel very sick. The adder barely misses you. The adder bites you. x2
You are more poisoned.
The adder poisons you! The adder closely misses you.
The adder bites you but does no damage.
You sock the adder!
You kill the adder!
Trog accepts your kill.
* * * LOW HITPOINT WARNING * * *
You feel very sick.
The adder bites you but does no damage. x2
Your Invocations skill increases to level 1!
You sock the adder!
The adder is almost dead.
* * * LOW HITPOINT WARNING * * *
You feel sick. The adder bites you.
* * * LOW HITPOINT WARNING * * *
You are more poisoned.
The adder poisons you! The adder closely misses you.
You sock the adder!
You kill the adder!
Trog accepts your kill.
You feel yourself speed up.
* * * LOW HITPOINT WARNING * * *
You feel very sick.
Your Short Blades skill increases to level 1!
Your Long Blades skill increases to level 1!
Your Axes skill increases to level 1!
Your Polearms skill increases to level 1!
Your Staves skill increases to level 1!
Your Slings skill increases to level 1!
Your Bows skill increases to level 1!
Your Crossbows skill increases to level 1!
Your Throwing skill increases to level 1!
Your Stealth skill increases to level 1!
Your Shields skill increases to level 1!
Your Unarmed Combat skill increases to level 1!
Your Spellcasting skill increases to level 1!
Your Evocations skill increases to level 1!
You die...

### #.<..# #
##...# #.#... #
#...## #####......
# ###..#
##.......... #
##.###...........
# #..##...........
# ##.#............
#
###...#.......>..
#
##........@.......
#
#.<##.#.##.##.....
#
#.###..)...#....?.
#
##..###.)........
. #
^...........#....
#
...####.##..##.#.#
#..... #. ...#
.#.# ####.)
....#..#.# # # #.
..... #...


There were no monsters in sight!

Vanquished Creatures
  2 adders (D:2)
  A dart slug (D:1)
  3 ball pythons (D:1)
  2 bats (D:2)
  3 endoplasms
  A giant cockroach (D:1)
  A goblin (D:2)
  A hobgoblin (D:1)
  2 jackals (D:1)
  5 kobolds
  2 quokkas (D:1)
  3 frilled lizards (D:1)
  4 rats
30 creatures vanquished.

Notes
Turn   | Place    | Note
-------+----------+-------------------------------------------
     0 | D:1      | bromine the Gnoll Berserker began the quest for the Orb.
     0 | D:1      | Reached XP level 1. HP: 23/23 MP: 1/1
    74 | D:1      | Reached XP level 2. HP: 7/29 MP: 2/2
   788 | D:1      | Found Saud's General Store.
   803 | D:1      | You fall into a shaft and drop 1 floor!
  1243 | D:1      | Reached XP level 3. HP: 32/35 MP: 3/3
  1968 | D:2      | Reached ** piety under Trog
  1990 | D:2      | Reached skill level 1 in Invocations
  1992 | D:2      | Reached skill level 1 in Short Blades
  1992 | D:2      | Reached skill level 1 in Long Blades
  1992 | D:2      | Reached skill level 1 in Axes
  1992 | D:2      | Reached skill level 1 in Polearms
  1992 | D:2      | Reached skill level 1 in Staves
  1992 | D:2      | Reached skill level 1 in Slings
  1992 | D:2      | Reached skill level 1 in Bows
  1992 | D:2      | Reached skill level 1 in Crossbows
  1992 | D:2      | Reached skill level 1 in Throwing
  1992 | D:2      | Reached skill level 1 in Stealth
  1992 | D:2      | Reached skill level 1 in Shields
  1992 | D:2      | Reached skill level 1 in Unarmed Combat
  1992 | D:2      | Reached skill level 1 in Spellcasting
  1992 | D:2      | Reached skill level 1 in Evocations
  1992 | D:2      | Succumbed to an adder's poison

Illustrated notes

Levels and vault maps discovered:
D:1:      dpeg_arrival_water_fire, layout_basic, serial_shops, shop
D:2:      layout_rooms, serial_shops, shop

Skill      XL: |  1  2  3 |
---------------+----------+-----
Invocations    | 1 |  1.0
Short Blades   | 1 |  1.0
Long Blades    | 1 |  1.0
Axes           | 1 |  1.0
Polearms       | 1 |  1.0
Staves         | 1 |  1.0
Slings         | 1 |  1.0
Bows           | 1 |  1.0
Crossbows      | 1 |  1.0
Throwing       | 1 |  1.0
Stealth        | 1 |  1.0
Shields        | 1 |  1.0
Unarmed Combat | 1 |  1.0
Spellcasting   | 1 |  1.0
Evocations     | 1 |  1.0
Fighting       | |  6.5
Maces & Flails | |  6.5
Armour         | |  4.6
Dodging        | |  4.6
Conjurations   | |  0.7
Hexes          | |  0.7
Summonings     | |  0.7
Necromancy     | |  0.7
Translocations | |  0.7
Transmutations | |  0.7
Fire Magic     | |  0.7
Ice Magic      | |  0.7
Air Magic      | |  0.7
Earth Magic    | |  0.7
Poison Magic   | |  0.7

Action                   || total
-------------------------++-------
Melee: Mace              ||    80
       Bite              ||     7
       Punch             ||     2
Invok: Berserk           ||     1
 Stab: Sleeping          ||     3
Armor: Animal skin       ||    10
       Chain mail        ||    37
Dodge: Dodged            ||    67
